 Dungeon Crawl Stone Soup version 0.30-a0-1160-g6e42c06 (webtiles) character file.

Game seed: 10725310471819932649

8317 Dorkslayer the Cleaver (level 11, -4/67 HPs)
             Began as a Gargoyle Fighter on Apr 25, 2023.
             Was a High Priest of Dithmenos.
             Slain by a gargoyle
             ... wielding a +0 dire flail
              (7 damage)
             ... on level 10 of the Dungeon.
             The game lasted 00:21:46 (8410 turns).

Dorkslayer the Cleaver (Gargoyle Fighter)           Turns: 8410, Time: 00:21:47

Health: -4/67      AC: 23    Str: 29    XL:     11   Next: 29%
Magic:  15/15      EV:  9    Int:  8    God:    Dithmenos [*****.]
Gold:   552        SH:  6    Dex: 17    Spells: 10/10 levels left

rFire   . . .        a - +1 war axe
rCold   . . .        c - +0 buckler
rNeg    + . .        G - +0 plate armour
rPois   ∞            l - +0 helmet
rElec   +            (no cloak)
rCorr   .            j - +0 pair of gloves
SInv    .            (no boots)
Will    .....        (no amulet) Stlth
                     f - +6 ring of strength
HPRegen 0.31/turn    n - +6 ring of dexterity
MPRegen 0.14/turn

%: no passive effects
@: wreathed by umbra
A: sickness immunity, AC +8, negative energy resistance 1, electricity
resistance, torment resistance 1, petrification resistance
a: Renounce Religion, Shadow Step, Shadow Form


You were on level 10 of the Dungeon.
You worshipped Dithmenos.
Dithmenos was extremely pleased with you.
You visited 2 branches of the dungeon, and saw 11 of its levels.
You also visited: Sewer.

You collected 552 gold pieces.

Inventory:

Hand Weapons
 a - a +1 war axe (weapon)
 F - a +3 flail of freezing
Missiles
 k - 2 throwing nets
 y - 2 boomerangs (quivered)
 I - a silver boomerang
Armour
 c - a +0 buckler (worn)
 j - a +0 pair of gloves (worn)
 l - a +0 helmet (worn)
 G - a +0 plate armour (worn)
Jewellery
 f - a +6 ring of strength (left hand)
 n - a +6 ring of dexterity (right hand)
 v - a ring of flight
 C - a ring of see invisible
 J - a ring of willpower
Wands
 e - a wand of roots (20)
 r - a wand of polymorph (11)
 w - a wand of charming (23)
 x - a wand of digging (6)
 E - a wand of quicksilver (14)
 H - a wand of flame (7)
Scrolls
 g - 2 scrolls of blinking
 i - 2 scrolls of fog
 p - 2 scrolls of teleportation
 q - 2 scrolls of summoning
 B - 2 scrolls of enchant armour {unknown}
Potions
 b - a potion of berserk rage
 h - 2 potions of attraction
 m - 5 potions of lignification
 o - 3 potions of curing
 s - 2 potions of ambrosia
 t - a potion of magic {unknown}
 u - a potion of brilliance {unknown}
 z - a potion of flight
 D - a potion of mutation


   Skills:
 + Level 7.6 Fighting
 + Level 10.2 Axes
 + Level 0.6 Throwing
 + Level 7.1 Armour
 + Level 4.6 Dodging
 + Level 1.7 Stealth
 + Level 5.4 Shields
 * Level 6.0 Invocations
 * Level 3.9 Evocations


You had 10 spell levels left.
You didn't know any spells.
Your spell library was empty.

Dungeon Overview and Level Annotations

Branches:
Dungeon (10/15)            Temple (1/1) D:4            Lair (0/5) D:9
  Sewer (visited)
    Orc: D:9-12

Altars:
Ashenzari
Cheibriados
Dithmenos
Elyvilon
Fedhas
Gozag
Hepliaklqana
Makhleb
Nemelex Xobeh
Okawaru
Qazlal
Ru
Sif Muna
Trog
Uskayaw
Vehumet
Wu Jian
Xom
Yredelemnul
Zin
The Shining One

Shops:
D:9 (

Annotations:
D:5 3 runed translucent doors, ChinnyChinChin's ghost, amateur OpTm


Innate Abilities, Weirdness & Mutations

You are immune to sickness and miasma.
Your stone body is resilient. (AC +8)
You are immune to poison.
You resist negative energy. (rN+)
You are resistant to electric shocks. (rElec)
You are resistant to unholy torment.
You are immune to petrification.


Message History

Your shadow hits the komodo dragon but does no damage.
You are engulfed in a cloud of scalding steam.
The komodo dragon completely misses you.
The steam dragon barely misses you.
The steam dragon claws you but does no damage.
The komodo dragon is engulfed in a cloud of scalding steam.
The komodo dragon dies!
The steam dragon completely misses you. The steam dragon claws you.
* * * LOW HITPOINT WARNING * * *
Your Invocations skill increases to level 6!
You closely miss the steam dragon.
The steam dragon is almost dead.
Your shadow barely misses the steam dragon.
The steam dragon breathes steam at you. The ball of steam hits you.
* * * LOW HITPOINT WARNING * * *
You closely miss the steam dragon.
The steam dragon is almost dead.
You are engulfed in a cloud of scalding steam.
You block the steam dragon's attack. The steam dragon barely misses you.
Unknown command.
You slash the steam dragon!
You kill the steam dragon!
Dithmenos accepts your kill.
You are engulfed in a cloud of scalding steam.
Unknown command.
You now have 528 gold pieces (gained 6).
You see here a komodo dragon corpse.
You now have 552 gold pieces (gained 24).
There is a shaft here.
A gargoyle comes into view. It is wielding a +0 dire flail.
The gargoyle hurls a stone arrow at you.
The stone arrow hits you!
* * * LOW HITPOINT WARNING * * *
A yak comes into view.
The gargoyle hurls a stone arrow at you.
The stone arrow hits you!
* * * LOW HITPOINT WARNING * * *
The gargoyle hits you with a +0 dire flail!
You die...

#...<....# #..
#..[.[...###### #..
#......<.'....###..
#........####..††..
#...#############..
#####...^..### ##.
###...####...### ##
###9^.###
###...###. #...@##
##....## #....##
##..... #....#
##.... #.... #.†..
#.Y. #.... #...
#.... #.. #.... #..
#.... #....


You could see a yak and a gargoyle.

Vanquished Creatures
  A two-headed ogre (D:8)
  A hornet (D:8)
  Grinder (D:6)
  A shadow (D:9)
  A vampire (D:10)
  A wyvern (D:9)
  17 yaks
  3 steam dragons
  2 wargs (D:9)
  4 orc warriors
  2 sky beasts
  A black bear (D:6)
  4 ogres
  3 centaurs
  A kobold brigand (D:6)
  2 phantoms (D:5)
  6 bullfrogs
  3 scorpions
  2 gnoll sergeants
  4 wights (D:8)
  A howler monkey (D:9)
  8 orc priests
  3 hounds
  4 jellies
  3 sleepcaps
  2 iguanas
  9 orc wizards
  18 gnolls
  8 adders
  A shadow imp (D:4)
  4 white imps
  An ufetubus (D:5)
  A dart slug (D:2)
  A worm (D:2)
  41 orcs
  20 endoplasms
  18 giant cockroaches
  A goblin (D:3)
  4 hobgoblins
  3 jackals (D:4)
  17 quokkas
  15 ball pythons
  3 bats
  10 frilled lizards
  12 kobolds
  3 rats
271 creatures vanquished.

Vanquished Creatures (collateral kills)
  3 orcs
3 creatures vanquished.

Vanquished Creatures (others)
  A komodo dragon (D:10)
  11 fungi
  A plant (D:9)
  8 toadstools (D:2)
21 creatures vanquished.

Grand Total: 295 creatures vanquished

Notes
Turn   | Place    | Note
-------+----------+-------------------------------------------
     0 | D:1      | Dorkslayer the Gargoyle Fighter began the quest for the
                  | Orb.
     0 | D:1      | Reached XP level 1. HP: 14/14 MP: 1/1
   180 | D:1      | Reached skill level 2 in Axes
   180 | D:1      | Reached XP level 2. HP: 19/19 MP: 2/2
   786 | D:2      | Reached XP level 3. HP: 23/23 MP: 3/3
   821 | D:2      | Reached skill level 1 in Dodging
   821 | D:2      | Reached XP level 4. HP: 28/28 MP: 4/4
   994 | D:2      | Reached skill level 3 in Axes
  1009 | D:2      | Reached XP level 5. HP: 20/33 MP: 5/5
  1270 | D:2      | Identified the +1 spear of Embarrassment {freeze, rN+}
  1502 | D:3      | Found a faded altar of an unknown god.
  1544 | D:3      | Prayed at the altar of an unknown god.
  1544 | D:3      | Became a worshipper of Dithmenos the Shadowed
  1544 | D:3      | Reached * piety under Dithmenos
  1631 | D:3      | Reached XP level 6. HP: 26/38 MP: 6/6
  1664 | D:3      | Reached skill level 4 in Axes
  1704 | D:3      | Reached ** piety under Dithmenos
  2255 | D:4      | Found a glowing drain.
  2302 | Sewer    | Entered a sewer
  2360 | Sewer    | Reached *** piety under Dithmenos
  2531 | Sewer    | Reached XP level 7. HP: 43/43 MP: 7/7
  2734 | D:4      | Reached skill level 5 in Axes
  2932 | D:4      | Reached **** piety under Dithmenos
  3092 | D:4      | Found a staircase to the Ecumenical Temple.
  3101 | Temple   | Entered the Ecumenical Temple
  3283 | D:5      | Entered Level 5 of the Dungeon
  3283 | D:5      | Noticed a yak
  3285 | D:5      | Noticed a yak
  3286 | D:5      | Noticed a yak
  3286 | D:5      | Noticed a yak
  3286 | D:5      | Noticed a yak
  3286 | D:5      | Noticed a yak
  3301 | D:5      | Killed a yak
  3307 | D:5      | Killed a yak
  3308 | D:5      | Reached XP level 8. HP: 26/48 MP: 8/8
  3308 | D:5      | Killed a yak
  3309 | D:5      | Reached skill level 6 in Axes
  3312 | D:5      | Killed a yak
  3313 | D:5      | Reached skill level 5 in Fighting
  3319 | D:5      | Killed a yak
  3325 | D:5      | Killed a yak
  3326 | D:5      | Reached skill level 5 in Armour
  3335 | D:5      | Reached skill level 7 in Axes
  3345 | D:5      | Reached XP level 9. HP: 15/54 MP: 9/9
  3661 | D:5      | Found a runed translucent gate.
  3661 | D:5      | Found a runed translucent gate.
  3661 | D:5      | Found a runed translucent gate.
  3664 | D:5      | Noticed ChinnyChinChin's ghost (amateur OpTm)
  4149 | D:6      | Noticed Grinder
  4156 | D:6      | Killed Grinder
  4157 | D:6      | Reached skill level 8 in Axes
  4157 | D:6      | Reached skill level 1 in Invocations
  4338 | D:6      | Reached skill level 1 in Stealth
  4381 | D:6      | Found a sparkling altar of Nemelex Xobeh.
  4381 | D:6      | Found a burning altar of Makhleb.
  4475 | D:6      | Reached skill level 1 in Evocations
  5099 | D:7      | Found a broken altar of Ashenzari.
  5240 | D:7      | Reached XP level 10. HP: 60/60 MP: 12/12
  5791 | D:8      | Reached skill level 5 in Shields
  5811 | D:8      | Reached skill level 9 in Axes
  6177 | D:8      | Noticed a two-headed ogre
  6187 | D:8      | Killed a two-headed ogre
  6275 | D:8      | Reached ***** piety under Dithmenos
  7356 | D:9      | Reached skill level 10 in Axes
  7612 | D:9      | Found a staircase to the Lair.
  7652 | D:9      | Reached XP level 11. HP: 55/67 MP: 14/14
  7655 | D:9      | Found Baxzujum's Antique Weapon Shop.
  7672 | D:9      | Reached skill level 5 in Invocations
  8032 | D:9      | Found a glowing silver altar of Zin.
  8032 | D:9      | Found a shimmering blue altar of Sif Muna.
  8032 | D:9      | Found a snail-covered altar of Cheibriados.
  8034 | D:9      | Found a stormy altar of Qazlal.
  8043 | D:9      | Found a radiant altar of Vehumet.
  8100 | D:9      | Found a blossoming altar of Fedhas.
  8100 | D:9      | Found a shadowy altar of Dithmenos.
  8102 | D:9      | Found a white marble altar of Elyvilon.
  8102 | D:9      | Found a shimmering altar of Xom.
  8104 | D:9      | Found an opulent altar of Gozag.
  8104 | D:9      | Found a sacrificial altar of Ru.
  8104 | D:9      | Found a bloodstained altar of Trog.
  8272 | D:10     | Entered Level 10 of the Dungeon
  8409 | D:10     | HP: 3/67 [gargoyle/stone arrow (8)]
  8410 | D:10     | Slain by a gargoyle

Illustrated notes

Levels and vault maps discovered:
D:1:      elethiomel_arrival_infinity_welcomes_careful_drivers, layout_rooms
D:2:      cheibrodos_fertilizer, layout_loops_ring
D:3:      layout_rooms, shapermc_ecumenical_altar_acropolis
D:4:      cheibrodos_pilgrimage, layout_loops_ring, temple_hall,
          gup_sewer_entry_glass, corexii_leaking_fountain
D:5:      layout_basic, ebering_ghost_rock_garden,
          minmay_fractal_squares_gapless_5
D:6:      layout_basic, nicolae_overflow_two_pavilions,
          kennysheep_cross_bottleneck, uniq_grinder
D:7:      layout_basic, mainiacjoe_overflow_surrounded_room, minivault_19,
          chequers_serial_rivers_micro_c
D:8:      layout_loops_corners, hangedman_decor_lopped,
          nicolae_kite_square_tiling_tiny
D:9:      layout_basic, nicolae_overflows_in_rows, erik_lair_orcish_takeover,
          nicolae_take_the_stairs
D:10:     layout_roguey, kiku_gazebo_pond_becter, gammafunk_ghost_grave,
          nzn_random_ring
Temple:   hellmonk_temple_two_chambers

Skill      XL: |  1  2  3  4  5  6  7  8  9 10 11 |
---------------+----------------------------------+-----
Axes           | 2 3 4 5 7 8 10 | 10.2
Dodging        | 1 2 3 4 |  4.6
Fighting       | 4 5 6 7 |  7.6
Armour         | 4 5 6 7 |  7.1
Shields        | 4 5 |  5.4
Invocations    | 3 4 6 |  6.0
Stealth        | 1 |  1.7
Evocations     | 1 3 |  3.9
Throwing       | |  0.6

Action                     |  1- 3 |  4- 6 |  7- 9 | 10-12 || total
---------------------------+-------+-------+-------+-------++-------
  Melee: War axe           |    38 |   281 |   268 |   245 ||   832
         Hand axe          |     2 |       |       |       ||     2
  Throw: Throwing net      |       |       |     4 |       ||     4
         Boomerang         |       |       |       |     4 ||     4
  Evoke: Wand              |       |       |     2 |     1 ||     3
    Use: Scroll            |     4 |     5 |     5 |     5 ||    19
         Potion            |       |     3 |     4 |     6 ||    13
   Stab: Held in net/web   |       |       |     3 |       ||     3
 Armour: Scale mail        |    27 |    45 |       |       ||    72
         Chain mail        |       |    92 |   160 |    37 ||   289
         Plate armour      |       |       |       |   110 ||   110
  Dodge: Dodged            |    22 |   194 |   147 |   107 ||   470
  Block: Buckler           |     5 |   101 |    85 |    65 ||   256

Table legend: (Time is in decaauts)
 A = Elapsed time spent in this place.
 B = Non-inter-level travel time spent in this place.
 C = Inter-level travel time spent in this place.
 D = Time resting spent in this place.
 E = Time spent auto-exploring this place.
 F = Levels seen in this place.
 G = Mean time per level.
                   A        B        C        D        E       F      G
               +--------+--------+--------+--------+--------+-----+--------+
         Total |   8641 |   8641 |      0 |    194 |   4405 |  12 |  720.1 |
       Dungeon |   8155 |   8155 |      0 |    194 |   4398 |  10 |  815.5 |
        Temple |     35 |     35 |      0 |      0 |      0 |   1 |   35.0 |
         Sewer |    450 |    450 |      0 |      0 |      7 |   1 |  450.0 |
               +--------+--------+--------+--------+--------+-----+--------+

Top non-repeatable levels by time:
     D:8: 1317 daAuts
     D:9: 1246 daAuts
     D:4: 951 daAuts
     D:6: 830 daAuts
     D:2: 811 daAuts
     D:7: 782 daAuts
     D:3: 725 daAuts
     D:5: 694 daAuts
     D:1: 674 daAuts
   Sewer: 450 daAuts
    D:10: 121 daAuts
  Temple: 35 daAuts
